 Dungeon Crawl Stone Soup version 0.21.1-1-g345015f (webtiles) character file.

20083 kae the Martial Artist (level 12, -3/103 HPs)
             Began as a White Draconian Transmuter on May 15, 2018.
             Was an Elder of Wu Jian.
             Slain by a spiny frog (4 damage)
             ... on level 1 of the Lair of Beasts.
             The game lasted 00:17:28 (18351 turns).

kae the Martial Artist (DrTm)                      Turns: 18351, Time: 00:17:29

Health: -3/103     AC: 11    Str: 16    XL:     12   Next: 42%
Magic:  20/23      EV:  2    Int: 15    God:    Wu Jian [****..]
Gold:   483        SH:  0    Dex: 18    Spells: 11/26 levels left

rFire    . . .     SeeInvis .     - Unarmed
rCold    + + .     Gourm    .   (shield currently unavailable)
rNeg     + + +     Faith    .   (armour unavailable)
rPois    ∞         Spirit   .   y - +1 hat
rElec    +         Reflect  .   g - +1 cloak of Dava {rElec rN+ Str+4 Dex-3}
rCorr    .         Harm     .   (gloves currently unavailable)
MR       .....                  (no boots)
Stlth    ++........             x - amulet of the Tormentor {RegenMP +Fly rPois rC+}
HPRegen  0.27/turn              e - +5 ring of dexterity
MPRegen  0.43/turn              v - ring of poison resistance

@: blade hands, petrified, very slightly contaminated
A: breathe frost, unfitting armour, cold resistance 1, cold-blooded, AC +8
a: Breathe Frost, End Transformation, Wall Jump, Serpent's Lash, Renounce
Religion, Evoke Flight


You were on level 1 of the Lair of Beasts.
You worshipped Wu Jian.
Wu Jian was greatly pleased with you.
You were not hungry.
You had blades for hands.
You visited 3 branches of the dungeon, and saw 14 of its levels.

You collected 818 gold pieces.
You spent 335 gold pieces at shops.

Inventory:

Missiles
 a - 280 arrows
Armour
 g - the +1 cloak of Dava (worn) {rElec rN+ Str+4 Dex-3}
   (You bought it in a shop on level 9 of the Dungeon)

   It affects your strength (+4).
   It affects your dexterity (-3).
   It insulates you from electricity.
   It protects you from negative energy.
 y - a +1 hat (worn)
Jewellery
 e - a +5 ring of dexterity (left scythe-like blade)
 p - the ring of Agao {MP+9 Str+2}
   (You found it on level 6 of the Dungeon)

   [ring of magical power]

   It affects your strength (+2).
   It affects your magic capacity (+9).
 v - a ring of poison resistance (right scythe-like blade)
 x - the amulet of the Tormentor (around neck) {RegenMP +Fly rPois rC+}
   (You acquired it on level 1 of the Lair of Beasts)

   [amulet of magic regeneration]

   It increases your magic regeneration.
   It protects you from cold.
   It protects you from poison.
   It lets you fly.
 B - a +3 ring of dexterity
 D - a +3 ring of dexterity
Wands
 j - a wand of random effects (25)
 q - a wand of iceblast (10)
 t - a wand of flame (30)
 z - a wand of polymorph (13)
Scrolls
 d - 7 scrolls of teleportation
 f - 3 scrolls of magic mapping
 i - 5 scrolls of enchant armour
 o - 7 scrolls of remove curse
 C - a scroll of blinking
 E - 2 scrolls of identify
Potions
 h - a potion of curing
 k - a potion of might
 l - 4 potions of haste
 m - 3 potions of brilliance
 n - a potion of flight
 r - 2 potions of lignification
 s - a potion of agility
 u - 2 potions of berserk rage
Books
 b - a book of Changes

   Spells                             Type                      Level
   a - Beastly Appendage              Transmutation                1
   b - Sticks to Snakes               Transmutation                2
   c - Spider Form                    Transmutation/Poison         3
   d - Ice Form                       Ice/Transmutation            4
   e - Blade Hands                    Transmutation                5
 w - a book of Maledictions

   Spells                             Type                      Level
   a - Corona                         Hexes                        1
   b - Ensorcelled Hibernation        Hexes/Ice                    2
   c - Confuse                        Hexes                        3
   d - Tukima's Dance                 Hexes                        3
   e - Dazzling Spray                 Conjuration/Hexes            3
 A - a book of Frost

   Spells                             Type                      Level
   a - Freeze                         Ice                          1
   b - Throw Frost                    Conjuration/Ice              2
   c - Ozocubu's Armour               Charms/Ice                   3
   d - Throw Icicle                   Conjuration/Ice              4
   e - Summon Ice Beast               Ice/Summoning                4
Comestibles
 c - 25 rations


   Skills:
 + Level 8.9 Fighting
 + Level 6.7 Dodging
 * Level 11.7 Unarmed Combat
 + Level 7.5 Spellcasting
 * Level 11.4 Transmutations


You had 11 spell levels left.
You knew the following spells:

 Your Spells              Type           Power        Failure   Level  Hunger
a - Beastly Appendage     Tmut           #####.       7%          1    None
b - Sticks to Snakes      Tmut           #####...     8%          2    None
c - Spider Form           Tmut/Pois      ###.......   28%         3    ##.....
d - Blade Hands           Tmut           #####.....   26%         5    #####..
e - Ice Form              Ice/Tmut       ###.....     50%         4    ####...


Dungeon Overview and Level Annotations

Branches:
Dungeon (12/15)            Temple (1/1) D:6            Lair (1/6) D:11
    Orc (0/2) D:10

Altars:
Ashenzari
Cheibriados
Dithmenos
Elyvilon
Fedhas
Gozag
Hepliaklqana
Kikubaaqudgha
Makhleb
Nemelex Xobeh
Okawaru
Qazlal
Ru
Sif Muna
Trog
Uskayaw
Vehumet
Wu Jian
Xom
Yredelemnul
Zin
The Shining One
Beogh

Shops:
D:6 %   D:7 *   D:9 *[(   D:10 !   D:11 %

Annotations:
D:9 exclusion: gargoyle
D:12 Nessos


Innate Abilities, Weirdness & Mutations

You can breathe waves of freezing cold.
You can buffet flying creatures when you breathe cold.
Your icy white scales are hard. (AC +8)
You cannot fit into any form of body armour.
Your flesh is cold resistant. (rC+)
You are cold-blooded and may be slowed by cold attacks.


Message History

You slice the basilisk!!
The basilisk is severely wounded.
The basilisk gazes at you.
Your limbs have turned to stone.
The spiny frog stings you but does no damage.
You have turned to stone.
A water moccasin comes into view.
The spiny frog barely misses you.
The basilisk hisses menacingly.
The basilisk gazes at you. You resist with some effort.
The water moccasin bites you but does no damage.
The spiny frog stings you!
* * * LOW HITPOINT WARNING * * *
The water moccasin bites you.
* * * LOW HITPOINT WARNING * * *
The basilisk bites you.
* * * LOW HITPOINT WARNING * * *
The spiny frog stings you!
You die...

.}.........##........
.....................
.....................
.................♣♣..
...........#....♣.♣♣♣
......#######..♣....
####.#.# #...♣♣....
##### #...♣♣♣♣♣%
#...S@♣ #...≈lF♣
#...≈≈♣≈≈≈♣
#...≈♣♣♣.♣♣ #....♣ ♣♣
#..... ### #..... ..#
#.... ..#


You could see a spiny frog, a basilisk and a water moccasin.

Vanquished Creatures
  The ghost of Exporg the Basher, a journeyman MiFi of Qazlal (Lair:1)
  4 two-headed ogres
  An unseen horror (D:11)
  2 deep elf magi
  An ugly thing (D:11)
  2 manticores (D:11)
  3 cyclopes
  5 centaur zombies
  A centaur skeleton (D:10)
  2 komodo dragons
  6 trolls
  Grinder (D:3)
  3 hippogriffs (D:12)
  Sigmund (D:4)
  A wyvern (D:11)
  A spriggan (D:11)
  16 yaks
  A hungry ghost (D:9)
  An acid dragon (D:11)
  2 soldier ants (D:12)
  A water moccasin (Lair:1)
  A porcupine (Lair:1)
  2 hell hounds (D:11)
  A sky beast (D:10)
  6 ogres
  8 orc warriors
  2 black bears
  4 ice beasts
  2 eyes of draining
  3 phantoms
  6 centaurs
  2 big kobolds
  6 bullfrogs
  Blork the orc (D:6)
  A wyvern zombie (D:8)
  2 scorpions
  2 killer bees (D:11)
  5 wights
  2 howler monkeys
  4 crimson imps
  A quasit (D:8)
  2 jellies
  3 hounds
  5 orc priests
  A bullfrog zombie (D:12)
  13 orc wizards
  A bullfrog skeleton (D:12)
  8 worker ants
  A howler monkey zombie (D:2)
  2 worker ant zombies
  Robin (D:3)
  16 adders
  14 gnolls
  A shadow imp (D:12)
  3 oozes
  An adder zombie (D:5)
  2 adder skeletons
  5 worms
  A dart slug (D:2)
  11 leopard geckos
  58 orcs
  8 bats
  15 giant cockroaches
  15 goblins
  9 hobgoblins
  11 jackals
  15 kobolds
  2 quokkas
  2 ball pythons
  9 frilled lizards
  9 rats
  A butterfly (D:8)
362 creatures vanquished.

Notes
Turn   | Place    | Note
-------+----------+-------------------------------------------
     0 | D:1      | kae the Draconian Transmuter began the quest for the Orb.
     0 | D:1      | Reached XP level 1. HP: 16/16 MP: 3/3
    65 | D:1      | Reached XP level 2. HP: 10/23 MP: 3/5
   398 | D:1      | HP: 1/23 [hobgoblin/club (1)]
   423 | D:1      | HP: 1/23 [kobold (2)]
   842 | D:1      | Reached XP level 3. HP: 24/29 MP: 6/6
  1782 | D:2      | Reached XP level 4. HP: 18/36 MP: 5/7
  2037 | D:2      | Found a faded altar of an unknown god.
  2440 | D:2      | Found a basalt altar of Yredelemnul.
  2756 | D:2      | Reached XP level 5. HP: 33/42 MP: 6/8
  3003 | D:3      | Noticed Grinder
  3006 | D:3      | Noticed Robin
  3115 | D:2      | Learned a level 2 spell: Sticks to Snakes
  3119 | D:2      | Learned a level 3 spell: Spider Form
  3188 | D:3      | Killed Robin
  3604 | D:3      | Killed Grinder
  3604 | D:3      | Reached XP level 6. HP: 23/51 MP: 7/10
  3947 | D:3      | Reached skill level 5 in Unarmed Combat
  4421 | D:4      | Your scales start taking on an icy white colour.
  4421 | D:4      | Reached XP level 7. HP: 30/57 MP: 8/12
  4421 | D:4      | Gained mutation: Your flesh is cold resistant. (rC+) [White Draconian growth]
  5076 | D:4      | Found a hazy altar of Hepliaklqana.
  5122 | D:4      | Reached skill level 5 in Transmutations
  6028 | D:4      | Noticed Sigmund
  6071 | D:4      | Killed Sigmund
  6071 | D:4      | Reached XP level 8. HP: 58/66 MP: 8/13
  6488 | D:5      | Entered Level 5 of the Dungeon
  6989 | D:5      | Found an ancient bone altar of Kikubaaqudgha.
  7164 | D:6      | Got a twitching steel ring
  7168 | D:6      | Noticed Blork the orc
  7323 | D:5      | Learned a level 5 spell: Blade Hands
  7328 | D:5      | Learned a level 4 spell: Ice Form
  7460 | D:6      | Found Obihunere's Food Boutique.
  7758 | D:6      | Killed Blork the orc
  7953 | D:6      | Found a staircase to the Ecumenical Temple.
  8012 | Temple   | Entered the Ecumenical Temple
  8146 | Temple   | Became a worshipper of the Wu Jian Council
  8445 | D:6      | Found a deep blue altar of Sif Muna.
  9091 | D:7      | Reached skill level 5 in Fighting
  9180 | D:7      | Reached XP level 9. HP: 66/74 MP: 13/15
  9302 | D:7      | Identified the ring of Agao {MP+9 Str+2} (You found it on level 6 of the Dungeon)
  9343 | D:7      | Found Yhoavo's General Store.
  9752 | D:7      | Found a white marble altar of Elyvilon.
  9822 | D:7      | Reached * piety under Wu Jian
 10135 | D:8      | Found a shimmering altar of Xom.
 10164 | D:8      | Noticed a two-headed ogre
 10537 | D:8      | Found a shattered altar of Ashenzari.
 10548 | D:8      | Reached skill level 5 in Spellcasting
 10664 | D:8      | Killed a two-headed ogre
 11132 | D:9      | Noticed a gargoyle
 11224 | D:9      | Found Xegorghi's Antique Armour Boutique.
 11247 | D:9      | Bought a heavily runed cloak for 313 gold pieces
 11255 | D:9      | Identified the +1 cloak of Dava {rElec rN+ Str+4 Dex-3} (You bought it in a shop on level 9 of the Dungeon)
 11529 | D:8      | Reached XP level 10. HP: 13/83 MP: 18/18
 11897 | D:9      | Noticed a two-headed ogre
 11905 | D:9      | Killed a two-headed ogre
 12394 | D:9      | Found Irobuiby's Assorted Antiques.
 12397 | D:9      | Bought a scroll labeled SYUGANUMPA for 22 gold pieces
 12565 | D:9      | Found Hoss's Antique Weapon Shoppe.
 12842 | D:10     | Entered Level 10 of the Dungeon
 13002 | D:10     | Reached ** piety under Wu Jian
 13214 | D:10     | Reached skill level 5 in Dodging
 13288 | D:10     | Found Ipyigix's Distillery.
 13343 | D:10     | Found a staircase to the Orcish Mines.
 13358 | D:10     | Found a roughly hewn altar of Beogh.
 13686 | D:10     | Found an opulent altar of Gozag.
 13893 | D:10     | Reached XP level 11. HP: 70/92 MP: 20/20
 14015 | D:11     | Found a staircase to the Lair.
 14042 | D:11     | Reached skill level 10 in Unarmed Combat
 14102 | D:11     | Reached *** piety under Wu Jian
 14446 | D:11     | Reached skill level 10 in Transmutations
 14589 | D:11     | Noticed a cyan ugly thing
 14598 | D:11     | Killed a cyan ugly thing
 15011 | D:11     | Noticed a deep elf mage
 15044 | D:11     | HP: 7/141 [deep elf mage/bolt of lightning (23)]
 15053 | D:11     | Killed a deep elf mage
 15681 | D:11     | Found Koemiaq's Food Boutique.
 15779 | D:11     | Reached **** piety under Wu Jian
 15943 | D:11     | Killed an unseen horror
 16446 | D:12     | Noticed Nessos
 16466 | D:12     | Noticed a two-headed ogre
 16472 | D:12     | Killed a two-headed ogre
 16472 | D:12     | Reached XP level 12. HP: 57/103 MP: 22/22
 17299 | D:12     | Noticed a two-headed ogre
 17310 | D:12     | Killed a two-headed ogre
 17745 | Lair:1   | Entered Level 1 of the Lair of Beasts
 17747 | Lair:1   | Identified a scroll of acquirement
 17748 | Lair:1   | Got a slimy amethyst amulet
 17750 | Lair:1   | Identified the amulet of the Tormentor {RegenMP +Fly rPois rC+} (You acquired it on level 1 of the Lair of Beasts)
 17897 | Lair:1   | Noticed Exporg's ghost (journeyman MiFi)
 17917 | Lair:1   | Killed Exporg's ghost
 18351 | Lair:1   | HP: 4/103 [spiny frog (3)]
 18351 | Lair:1   | HP: 1/103 [basilisk (2)]
 18351 | Lair:1   | Slain by a spiny frog

Skill      XL: |  1  2  3  4  5  6  7  8  9 10 11 12 |
---------------+-------------------------------------+-----
Fighting       | 2 3 4 5 6 7 8 |  8.9
Transmutations | 3 4 5 6 8 9 10 11 | 11.4
Unarmed Combat | 4 5 6 7 8 9 11 | 11.7
Spellcasting   | 3 4 5 6 7 |  7.5
Dodging        | 2 4 5 6 |  6.7

Action                   |  1- 3 |  4- 6 |  7- 9 | 10-12 || total
-------------------------+-------+-------+-------+-------++-------
Melee: Unarmed           |   167 |   198 |   423 |   413 ||  1201
       Headbutt          |     9 |     9 |     1 |       ||    19
       Kick              |     9 |       |     4 |       ||    13
       Tailslap          |    16 |    15 |    35 |    67 ||   133
       Punch             |     2 |     4 |     8 |    16 ||    30
 Cast: Beastly Appendage |    17 |    10 |     3 |       ||    30
       Spider Form       |       |    10 |    32 |     2 ||    44
       Blade Hands       |       |       |     3 |    41 ||    44
Invok: Lunge             |       |       |    16 |    37 ||    53
       Whirlwind         |       |       |     6 |     8 ||    14
       Wall Jump         |       |       |       |     4 ||     4
 Abil: Breathe Frost     |       |       |     4 |       ||     4
  Use: Scroll            |     2 |     3 |    16 |     7 ||    28
       Potion            |       |     1 |       |     6 ||     7
 Stab: Sleeping          |       |     4 |     4 |     4 ||    12
       Distracted        |       |       |     2 |     1 ||     3
  Eat: Chunk             |     3 |     7 |    24 |    28 ||    62
       Ration            |       |     1 |     2 |     2 ||     5
Armor: Skin              |    42 |    31 |    57 |   112 ||   242
Dodge: Dodged            |   115 |   171 |   387 |   225 ||   898
